 Dungeon Crawl Stone Soup version 0.29.0-11-gd7f09526c8 (webtiles) character file.

Game seed: 17460057150608930255

46 Lochraine the Caller (level 3, -2/24 HPs)
             Began as a Merfolk Summoner on Sept 5, 2022.
             Slain by a gnoll
             ... wielding a +0 whip
              (7 damage)
             ... on level 1 of the Dungeon.
             The game lasted 00:04:53 (2300 turns).

Lochraine the Caller (Merfolk Summoner)             Turns: 2300, Time: 00:04:53

Health: -2/24      AC:  2    Str:  8    XL:     3   Next: 68%
Magic:  7/7        EV: 12    Int: 16    God:
Gold:   103        SH:  4    Dex: 14    Spells: 4/7 levels left

rFire   . . .      SeeInvis .   d - +0 short sword
rCold   . . .      Faith    .   l - +0 buckler
rNeg    . . .      Spirit   .   a - +0 robe
rPois   .          Reflect  .   (no helmet)
rElec   .          Harm     .   (no cloak)
rCorr   .          Rampage  .   (no gloves)
Will    .....                   (no boots)
Stlth   ++........              (no amulet)
HPRegen 0.08/turn               (no ring)
MPRegen 0.10/turn               (no ring)

@: about to teleport
A: (nimble swimmer 2), mertail
a: no special abilities


You were on level 1 of the Dungeon.
You visited 1 branch of the dungeon, and saw 2 of its levels.

You collected 103 gold pieces.

Inventory:

Hand Weapons
 d - a +0 short sword (weapon)
   (You took it off a kobold on level 1 of the Dungeon)
Armour
 a - a +0 robe (worn)
 j - a +0 leather armour
   (You found it on level 1 of the Dungeon)
 l - a +0 buckler (worn)
   (You found it on level 2 of the Dungeon)
 n - a +0 ring mail
   (You found it on level 2 of the Dungeon)
Scrolls
 f - a scroll of summoning {unknown}
 k - a scroll of identify {unknown}
Potions
 b - a potion of magic
 c - 2 potions of mutation {unknown}
 h - a potion of heal wounds {@q2}
 i - 2 potions of curing {unknown}
 m - a potion of might {unknown}


   Skills:
 - Level 2.6 Dodging
 - Level 2.1 Stealth
 + Level 0.8 Shields
 + Level 2.8 Spellcasting
 + Level 4.6 Summonings


You had 4 spell levels left.
You knew the following spells:

 Your Spells              Type           Power      Damage    Failure   Level
a - Summon Small Mammal   Summ           64%        N/A       4%          1
b - Call Imp              Summ           16%        N/A       6%          2

Your spell library contained the following spells:

 Spells                   Type           Power      Damage    Failure   Level
 Call Canine Familiar     Summ           16%        N/A       12%         3
 Summon Guardian Golem    Hex/Summ       9%         N/A       30%         3
 Summon Lightning Spire   Summ/Air       9%         N/A       69%         4


Dungeon Overview and Level Annotations

Branches:
Dungeon (2/15) Zot: 9694

Altars:

Shops:
D:1 !   D:2 (


Innate Abilities, Weirdness & Mutations

((You are very nimble when in or above water. (Stealth+, EV+, Speed+++)))
Your lower body shifts to a powerful aquatic tail in water.


Message History

Your crimson imp hits the gnoll.
The gnoll misses your crimson imp. x2
Your crimson imp barely misses the gnoll.
Something hits your crimson imp!
The gnoll hits your crimson imp with a +0 flail.
Your crimson imp dies!
Your crimson imp disappears in a puff of smoke!
You hear a shout!
There is an open door here.
A shadowy apparition takes form in the air.
The gnoll misses your shadow imp.
Your shadow imp hits the gnoll.
The gnoll hits your shadow imp with a +0 flail!
Your shadow imp hits the gnoll.
The gnoll hits your shadow imp with a +0 flail.
Your shadow imp dies!
Your shadow imp disappears in a puff of smoke!
There is a stone staircase leading up here.
You climb upwards.
There is a stone staircase leading down here.
You start resting.
You start resting.
There is a stone staircase leading down here.
You climb downwards.
Found a scale mail.
Found a stone staircase leading down.
There is a stone staircase leading up here.
The helpless gnoll fails to defend itself.
You hit the gnoll.
The gnoll shouts! x2
The gnoll hits you with a +0 whip. You block the gnoll's attack.
The gnoll hits you with a +0 whip. x2
* * * LOW HITPOINT WARNING * * *
The gnoll hits you from afar with a +0 spear.
* * * LOW HITPOINT WARNING * * *
You climb upwards.
There is a stone staircase leading down here.
Unknown command.
Unknown command.
Okay, then.
It was a potion of heal wounds.
You feel much better. The gnoll hits you with a +0 whip.
The gnoll barely misses you.
As you read the scroll labelled BEGRYZOGIU, it crumbles to dust.
You hear a loud clanging noise!
It was a scroll of noise.
The gnoll hits you with a +0 whip. The gnoll hits you with a +0 whip!
* * * LOW HITPOINT WARNING * * *
As you read the scroll labelled FUXZOQ WOASELI, it crumbles to dust.
You feel strangely unstable.
It was a scroll of teleportation.
The gnoll hits you with a +0 whip.
* * * LOW HITPOINT WARNING * * *
The gnoll hits you with a +0 whip!
You die...

#.# #.# #
#.#########.# #
#.#.........# #
#.#.######### # #.#.#
# #.#.# # #.#.# #
#g#.# # #@#(# #
#g#.##############
#.#...............
#.################
#................#
################.#
############8.........
#...............#.#..#
#.#####...##8........#


You could see 2 gnolls.

Vanquished Creatures
  A bat (D:1)
  An endoplasm (D:2)
  A giant cockroach (D:1)
  A goblin (D:2)
  2 hobgoblins (D:2)
  4 kobolds
  2 rats
12 creatures vanquished.

Vanquished Creatures (collateral kills)
  A gnoll (D:2)
  An adder (D:2)
  2 endoplasms (D:1)
  2 giant cockroaches (D:1)
  2 hobgoblins
  A ball python (D:1)
  A frilled lizard (D:1)
  A kobold (D:1)
  4 rats (D:1)
15 creatures vanquished.

Grand Total: 27 creatures vanquished

Notes
Turn   | Place    | Note
-------+----------+-------------------------------------------
     0 | D:1      | Lochraine the Merfolk Summoner began the quest for the Orb.
     0 | D:1      | Reached XP level 1. HP: 13/13 MP: 3/3
    57 | D:1      | Found Ofegg's Distillery.
   504 | D:1      | Reached XP level 2. HP: 19/19 MP: 1/5
   572 | D:1      | Learned a level 2 spell: Call Imp
  1617 | D:2      | Reached XP level 3. HP: 24/24 MP: 1/7
  2027 | D:2      | Found Tyextun's Weapon Shoppe.
  2300 | D:1      | Slain by a gnoll

Illustrated notes

Levels and vault maps discovered:
D:1:      psy_arrival_basics, layout_basic, serial_shops, shop,
          amcnicky_mini_pool_small, minmay_cut_off
D:2:      layout_loops_corners, serial_shops, shop,
          dreamdust_ecumenical_altar_grove, kennysheep_generic_room_4

Action                   || total
-------------------------++-------
Melee: Unarmed           ||     3
       Short sword       ||    33
 Cast: Summon Small Mamm ||    28
       Call Imp          ||     7
  Use: Scroll            ||     2
       Potion            ||     1
 Stab: Sleeping          ||     6
       Distracted        ||     1
Armor: Robe              ||     9
Dodge: Dodged            ||    30
Block: Buckler           ||     2
